 Dungeon Crawl Stone Soup version 0.29.1-15-g9cfb28693d (webtiles) character file.

Game seed: 15496538771830060399

1 sizableburger the Grave Robber (level 1, -2/14 HPs)
             Began as a Draconian Necromancer on Apr 10, 2023.
             Slain by a ball python (3 damage)
             ... on level 1 of the Dungeon.
             The game lasted 00:00:30 (43 turns).

sizableburger the Grave Robber (DrNe)                 Turns: 43, Time: 00:00:31

Health: -2/14      AC:  4    Str: 10    XL:     1   Next: 16%
Magic:  0/3        EV: 12    Int: 15    God:
Gold:   0          SH:  0    Dex: 11    Spells: 3/4 levels left

rFire   . . .      SeeInvis .   (no weapon)
rCold   . . .      Faith    .   (no shield)
rNeg    . . .      Spirit   .   (body armour unavailable)
rPois   .          Reflect  .   (helmet restricted)
rElec   .          Harm     .   (no cloak)
rCorr   .          Rampage  .   (no gloves)
Will    .....                   (no boots)
Stlth   ++........              (no amulet)
HPRegen 0.04/turn               (no ring)
MPRegen 0.08/turn               (no ring)

@: no status effects
A: AC +4, unfitting armour, cold-blooded
a: no special abilities


You were on level 1 of the Dungeon.
You visited 1 branch of the dungeon, and saw 1 of its levels.

Inventory:

Potions
 a - a potion of magic


   Skills:
 + Level 1.8 Dodging
 + Level 1.8 Stealth
 + Level 2.0 Spellcasting
 + Level 4.0 Necromancy


You had 3 spell levels left.
You knew the following spells:

 Your Spells              Type           Power      Damage    Failure   Level
a - Necrotise             Necr           52%        1d6       4%          1

Your spell library contained the following spells:

 Spells                   Type           Power      Damage    Failure   Level
 Vampiric Draining        Necr           13%        2d6       13%         3
 Animate Dead             Necr           13%        N/A       38%         4
 Agony                    Necr           13%        N/A       75%         5


Dungeon Overview and Level Annotations

Branches:
Dungeon (1/15)

Altars:

Shops:
D:1 [


Innate Abilities, Weirdness & Mutations

Your plain brown scales are hard. (AC +4)
You cannot fit into any form of body armour.
You are cold-blooded and may be slowed by cold attacks.


Message History

What are your orders? t - Shout!
Orders for allies: a - Attack new target. p - Attack previous target. r - Retreat! s - Stop attacking. g - Guard the area. f - Follow me.
Anything else - Cancel.
Gang up on whom?
Press: ? - help, Dir - move target, f - dart slug, p - ball python
Aim: a dart slug (moderately wounded, ally target) Attack!
Your rat skeleton bites the dart slug.
The dart slug closely misses you.
The ball python bites you but does no damage.
The ball python misses you.
The ball python attacks as you move away!
The ball python bites you. The ball python closely misses you.
Your rat skeleton bites the dart slug.
Casting: Necrotise (safe; 4% risk of failure)
Confirm with . or Enter, or press ? or * to list all spells.
Aiming: Necrotise (safe; 4% risk of failure)
Press: ? - help, Shift-Dir - straight line, f/p - dart slug
Aim: a dart slug (heavily wounded, ally target, chance to affect: 83%)
The dart slug writhes in agony.
The ball python barely misses you. The ball python grabs you.
The ball python constricts you.
Your rat skeleton bites the dart slug but does no damage.
The dart slug launches a dart at you. The slug dart hits you.
* * * LOW HITPOINT WARNING * * *
You hit the dart slug but do no damage.
You tail-slap the dart slug, but do no damage.
The dart slug is almost dead.
The ball python bites you.
* * * LOW HITPOINT WARNING * * *
The ball python constricts you.
Your rat skeleton bites the dart slug but does no damage.
You escape the ball python's grasp.
The dart slug launches a dart at your rat skeleton.
The slug dart hits your rat skeleton.
The ball python attacks as you move away!
The ball python bites you.
You die...

#### #.. ###.#
######...#### #...........#
#...........# #.........∩.#
########## #....@S.....#
.........# #......wZ.......
.........###............##.
#######...................
........########.....##.##.
........# ..##### ...
..<.....# #.)# ## ........#
...# ........# ..


You could see a dart slug (distracted, ally target), a ball python and a
friendly rat skeleton.

Vanquished Creatures
  2 rats (D:1)
2 creatures vanquished.

Notes
Turn   | Place    | Note
-------+----------+-------------------------------------------
     0 | D:1      | sizableburger the Draconian Necromancer began the quest for
                  | the Orb.
     0 | D:1      | Reached XP level 1. HP: 14/14 MP: 3/3
    24 | D:1      | Found Ehodgh's Armour Shoppe.
    43 | D:1      | Slain by a ball python

Illustrated notes

Levels and vault maps discovered:
D:1:      minmay_arrival_semitransparent, layout_basic, basic_ecumenical_altar,
          serial_shops, shop, shop, minmay_misc_feat_chi

Action                   || total
-------------------------++-------
Melee: Unarmed           ||     4
       Tailslap          ||     1
 Cast: Necrotise         ||     5
Armor: Skin              ||     4
Dodge: Dodged            ||     9
